 Dungeon Crawl Stone Soup version 0.28.0-53-g5a82cb258f (webtiles) character file.

Game seed: 2484104429741777623

127 sanboga the Ruffian (level 4, -7/45 HPs)
             Began as a Troll Berserker on July 16, 2022.
             Was a Believer of Trog.
             Mangled by a gnoll
             ... wielding a +0 flail
              (9 damage)
             ... on level 4 of the Dungeon.
             The game lasted 00:03:00 (1627 turns).

sanboga the Ruffian (Troll Berserker)               Turns: 1627, Time: 00:03:01

Health: -7/45      AC:  4    Str: 27    XL:     4   Next: 85%
Magic:  3/3        EV: 10    Int:  3    God:    Trog [**....]
Gold:   131        SH:  0    Dex:  9    Spells: 3/3 levels left

rFire   . . .      SeeInvis +     - Unarmed
rCold   . . .      Faith    .   (no shield)
rNeg    . . .      Spirit   .   a - +0 animal skin
rPois   .          Reflect  .   (helmet restricted)
rElec   .          Harm     .   (no cloak)
rCorr   .          Rampage  .   (gloves unavailable)
Will    +....                   (boots unavailable)
Stlth   +.........              (no amulet)
HPRegen 0.95/turn               l - ring of see invisible
MPRegen 0.08/turn               k - ring of willpower

@: no status effects
A: large, unfitting armour, claws 3, regeneration 1, shaggy fur 1, tough skin 1
a: Renounce Religion, Berserk, Trog's Hand


You were on level 4 of the Dungeon.
You worshipped Trog.
Trog was pleased with you.
You visited 1 branch of the dungeon, and saw 4 of its levels.

You collected 131 gold pieces.

Inventory:

Armour
 a - a +0 animal skin (worn)
Jewellery
 k - a ring of willpower (right claw)
 l - a ring of see invisible (left claw)
Scrolls
 b - a scroll of teleportation {unknown}
 c - 2 scrolls of identify {unknown}
 e - 2 scrolls of enchant weapon {unknown}
 g - a scroll of fog {unknown}
 h - a scroll of amnesia {unknown}
 n - a scroll of enchant armour {unknown}
Potions
 d - a potion of flight {unknown}
 f - a potion of curing {unknown}
 i - 2 potions of haste {unknown}
 j - a potion of mutation {unknown}
 m - a potion of heal wounds {unknown}


   Skills:
 + Level 3.1 Fighting
 + Level 3.1 Dodging
 * Level 4.5 Unarmed Combat


You had 3 spell levels left.
You didn't know any spells.
Your spell library was empty.

Dungeon Overview and Level Annotations

Branches:
Dungeon (4/15)
 Temple: D:4-7

Altars:

Shops:
D:3 (


Innate Abilities, Weirdness & Mutations

You are too large for most types of armour.
You have claws for hands.
Your natural rate of healing is unusually fast.
You are covered in fur. (AC +1)
You have tough skin. (AC +1)


Message History

The steam dragon breathes steam at you. The ball of steam misses you.
A ball python comes into view.
The gnoll hits you from afar with a +0 halberd!
You hear a shout!
You are engulfed in a cloud of scalding steam.
The gnoll closely misses you.
You climb upwards.
There is a stone staircase leading down here.
You start resting.
HP restored.
You climb downwards.
The gnoll barely misses you. The gnoll hits you with a +0 whip.
There is a stone staircase leading up, spattered with blood here.
You see here a throwing net.
You scratch the gnoll but do no damage. The gnoll hits you with a +0 whip.
You scratch the gnoll.
The gnoll is moderately wounded.
The gnoll hits you with a +0 whip.
The ball python bites you but does no damage.
You barely miss the gnoll.
The gnoll is moderately wounded.
The gnoll throws a throwing net.
The throwing net hits you.
You become entangled in the net!
The ball python barely misses you. The gnoll hits you with a +0 whip.
You are held in a net!
You struggle against the net.
The ball python bites you but does no damage.
The gnoll barely misses you.
You struggle against the net.
The gnoll hits you with a +0 flail. The ball python barely misses you.
The gnoll hits you with a +0 whip.
You struggle against the net.
The ball python bites you but does no damage.
The gnoll hits you with a +0 flail! The gnoll hits you with a +0 whip.
You rip the net and break free!
The ball python bites you. The steam dragon breathes steam at you.
The ball of steam hits you!
* * * LOW HITPOINT WARNING * * *
The gnoll hits you with a +0 flail!
You die...

....... # ...#.... ..
####...<... ... ......(..
..... ##.##.#.# ..
.....<#.......####.#.
....†..#...gS......... #
..D..D...§§@†..# ./... ##.
.......#..g....#......
#..PP..#####........#......
#..♣P..#...#.######.(......
#.[.. #...#.......).......
#..###......####.#.......
#.........## #.#.......
#####...### #.#..$....
#...# #...##..##


You could see 2 gnolls and a ball python.

Vanquished Creatures
  6 adders
  A worm (D:2)
  2 dart slugs
  3 orcs
  5 ball pythons
  3 endoplasms
  3 giant cockroaches
  9 goblins
  6 hobgoblins
  11 kobolds
  4 quokkas
  3 bats
  4 frilled lizards
  2 rats
62 creatures vanquished.

Vanquished Creatures (others)
  A dart slug (D:4)
1 creature vanquished.

Grand Total: 63 creatures vanquished

Notes
Turn   | Place    | Note
-------+----------+-------------------------------------------
     0 | D:1      | sanboga the Troll Berserker began the quest for the Orb.
     0 | D:1      | Reached XP level 1. HP: 22/22 MP: 0/0
    30 | D:1      | Found a faded altar of an unknown god.
   127 | D:1      | Reached XP level 2. HP: 23/29 MP: 1/1
   636 | D:2      | Reached XP level 3. HP: 21/36 MP: 2/2
   702 | D:2      | Reached ** piety under Trog
   741 | D:2      | Reached skill level 4 in Unarmed Combat
   938 | D:2      | Reached XP level 4. HP: 40/44 MP: 3/3
  1365 | D:3      | Found Qotanaf's Weapon Shop.
  1421 | D:3      | You fall into a shaft and drop 1 floor!
  1427 | D:4      | Noticed a steam dragon
  1627 | D:4      | HP: 2/45 [something/ball of steam (13)]
  1627 | D:4      | Mangled by a gnoll

Illustrated notes

Levels and vault maps discovered:
D:1:      dpeg_arrival_solitude, layout_loops_ring,
          chequers_ecumenical_altar_island
D:2:      layout_basic
D:3:      layout_rooms, serial_shops, nicolae_shop_bloodbath_and_beyond
D:4:      layout_rooms, serial_park_tiny_1

Skill      XL: |  1  2  3  4 |
---------------+-------------+-----
Unarmed Combat | 4 |  4.5
Fighting       | 3 |  3.1
Dodging        | 3 |  3.1

Action                   |  1- 3 |  4- 6 || total
-------------------------+-------+-------++-------
Melee: Unarmed           |    88 |    53 ||   141
       Punch             |     1 |       ||     1
 Stab: Sleeping          |     1 |       ||     1
Armor: Animal skin       |    19 |    22 ||    41
Dodge: Dodged            |    38 |    30 ||    68
